cohdb
Replays
Latest Replays
All Replays
Popular Replays
Top Player Replays
Match Explorer
How It Works
Community
CoH3 Stats
Reddit
Sign in to upload your games and track your stats! →
Sign in with Steam
Match 41880776
Unlisted
Match 41880776
Overview
Messages
Build Orders
End
Selects Armored Battlegroup
Selects Armored Battlegroup
Construct Barracks
Engineer Squad
1⁄4-ton 4x4 Truck
Selects Veteran Crews
Riflemen Squad
Riflemen Squad
Mechanized Support Center
M1 Mortar Team
Selects M31 Recovery Vehicle
Designate Forward Repair Station
Construct Motor Pool
Riflemen Squad
Construct Tank Depot
Selects War Machine
M4A1 Sherman Medium Tank
Selects Fast Deploy
M4A1 Sherman Medium Tank
Designate Forward Repair Station
Construct Medical Station
M4A1 76mm Conversion
M4A1(76) Sherman Medium Tank
Improvised Armor
Salvage Crew
Rapid Repairs
Selects Seek and Destroy
M31 Recovery Vehicle
M4A1(76) Sherman Medium Tank
Seek and Destroy
STALKER4732
SoyaLors
Biggus dickus
Devochkin
Dukuza
abbodhadid1
Vanguard
Sak0ui#55
0
0
Comments
sign in to comment!
No comments posted yet!